 Dungeon Crawl Stone Soup version 0.30-a0-465-g8901f6c8b5 (webtiles) character file.

Game seed: 11024816437466533516

2135 arthad the Insei (level 9, -1/68 HPs)
             Began as a Djinni Transmuter on Dec 19, 2022.
             Was a Believer of Ashenzari.
             Slain by Maggie
             ... wielding a +0 glaive
              (12 damage)
             ... on level 7 of the Dungeon.
             The game lasted 00:18:51 (5952 turns).

arthad the Insei (Djinni Transmuter)                Turns: 5952, Time: 00:18:51

Health: -1/68      AC:  5    Str: 15    XL:     9   Next: 55%
Gold:   429        EV: 14    Int: 20    God:    Ashenzari [**....] SH:  0 Dex: 13

rFire   + + .      SeeInvis +    o - +10 hand axe of Ihaatuv {vorpal, rPois}
rCold   x . .      Faith    .    (no shield)
rNeg    . . .      Spirit   +    l - +2 robe of the Eye in the Sky {Will+, Cun, Self} (curse)
rPois   ∞          Reflect  .    c - +0 hat of the Wild Blue Yonder {Range, Self} (curse)
rElec   .          Harm     .    B - +0 cloak
rCorr   .          Rampage  .    (no gloves)
Will    +....                    (boots unavailable)
Stlth   +++.......               t - amulet "Ennui of Ashenzari" {Spirit, Fort, Evo} (curse)
HPRegen 0.31/turn                q - +6 ring of strength
MPRegen 0.00/turn                (no ring)

@: about to teleport, flying
A: sickness immunity, fire resistance 2, cold vulnerability 1, float, innate
caster, HP casting, extra vitality 1
a: Renounce Religion, Curse Item, Shatter the Chains


You were on level 7 of the Dungeon.
You worshipped Ashenzari.
Ashenzari was pleased with you.
You visited 2 branches of the dungeon, and saw 8 of its levels.
You also visited: Sewer.

You collected 429 gold pieces.

Inventory:

Hand Weapons
 e - a +0 short sword of electrocution
 h - a +2 halberd of venom
 o - the +10 hand axe of Ihaatuv (weapon) {vorpal, rPois}
   (You found it on level 3 of the Dungeon)

   It inflicts extra damage upon your enemies.
   rPois:     It protects you from poison.
 z - a +1 flail of holy wrath
Missiles
 g - 2 throwing nets
 j - 23 poisoned darts
Armour
 a - a +0 robe
 c - the cursed +0 hat of the Wild Blue Yonder (worn) {Range, Self}
   (You found it on level 1 of the Dungeon)

   It has a curse which improves the following skills: Ranged Combat: Ranged
   Weapons and Throwing.
   Introspection: Fighting and Spellcasting.
 l - the cursed +2 robe of the Eye in the Sky (worn) {Will+, Cun, Self}
   (You took it off Jessica on level 2 of the Dungeon)

   It has a curse which improves the following skills: Cunning: Dodging and
   Stealth.
   Introspection: Fighting and Spellcasting.
 B - a +0 cloak (worn)
Jewellery
 q - a +6 ring of strength (left hand)
 t - the cursed amulet "Ennui of Ashenzari" (around neck) {Spirit, Fort, Evo}
   (You found it on level 4 of the Dungeon)

   [amulet of guardian spirit]

   It causes incoming damage to be divided between your reserves of health and
   magic.
   It has a curse which improves the following skills: Fortitude: Armour and
   Shields.
   Evocations: Evocations.
 y - a ring of fire
Scrolls
 d - 3 scrolls of magic mapping
 i - a scroll of butterflies
 m - 7 scrolls of identify
 n - 3 scrolls of noise
 p - 3 scrolls of vulnerability
 s - a scroll of brand weapon
 u - a scroll of enchant armour
Potions
 b - 3 potions of lignification
 f - a potion of cancellation
 k - 2 potions of might
 r - a potion of degeneration
 v - 2 potions of magic
 w - a potion of brilliance


   Skills:
 * Level 5.7(7.6) Fighting
 + Level 2.1 Axes
 + Level 5.0(6.2) Dodging
 + Level 3.3(4.5) Stealth
 * Level 6.6 Unarmed Combat
 * Level 4.7(6.5) Spellcasting


You had 3 spell levels left.
You knew the following spells:

 Your Spells              Type           Power      Damage    Failure   Level
a - Beastly Appendage     Tmut           64%        N/A       1%          1
b - Wereblood             Tmut           32%        N/A       1%          2
c - Spider Form           Tmut/Pois      32%        N/A       1%          3
d - Ice Form              Ice/Tmut       32%        N/A       7%          4
e - Foxfire               Conj/Fire      100%       2x1d9     1%          1
f - Static Discharge      Conj/Air       64%        2-5/arc   1%          2
g - Scorch                Fire           64%        2d8       1%          2
h - Portal Projectile     Hex/Tloc       64%        N/A       1%          3
Your spell library was empty.

Dungeon Overview and Level Annotations

Branches:
Dungeon (7/15)             Temple (1/1) D:4           Sewer (visited)

Altars:
Ashenzari
Cheibriados
Elyvilon
Gozag
Hepliaklqana
Nemelex Xobeh
Okawaru
Qazlal
Wu Jian
Yredelemnul
Zin
The Shining One

Portals:
Abyss: D:3

Annotations:
D:3 2 transporters, Sabo's ghost, amateur DgAE
D:7 Maggie


Innate Abilities, Weirdness & Mutations

You are immune to sickness and miasma.
You are immune to poison.
Your flesh is very heat resistant. (rF++)
You are vulnerable to cold. (rC-)
You float through the air rather than walking.
You learn spells naturally, not from books.
Your magical power is your life essence.
You have superior vitality. (+4 MHP)


Message History

Maggie is lightly wounded.
Maggie misses you.
You barely miss Maggie. You punch Maggie.
Maggie is lightly wounded.
Maggie hits you with a +0 glaive!
You slash Maggie!
Maggie is moderately wounded.
Maggie practices a pose.
Maggie barely misses you. Maggie completely misses you.
You hit Maggie.
Maggie is heavily wounded.
Maggie closely misses you.
You hit Maggie.
Maggie is heavily wounded.
Maggie hits you with a +0 glaive!
You are too injured to fight recklessly!
You are too injured to fight recklessly!
You are too injured to fight recklessly!
You are too injured to fight recklessly!
You closely miss Maggie.
Maggie is heavily wounded.
You break out of your daze.
Maggie hits you with a +0 glaive!
* * * LOW HITPOINT WARNING * * *
Okay, then.
Unknown command.
Okay, then.
Really quaff the potion of lignification?
Okay, then.
Unknown command.
Unknown command.
Casting: Beastly Appendage (safe; 1% risk of failure)
Confirm with . or Enter, or press ? or * to list all spells.
Okay, then.
Unknown command.
Unknown command.
As you read the scroll of teleportation, it crumbles to dust.
You feel strangely unstable. Maggie closely misses you.
Maggie attacks as you move away! Maggie hits you with a +0 glaive!
You die...

, , , , ,* *
#+######################
........................
, ,
........................
......@.................
,
.......@................
........................
*
#######+####.......#####
, ,, , ,{{#.......'...'
, , , #......>#...# , ,
, *, , +.......#...# *
####.......#.### * * * *
,........#'##.#*# , ,,
,........#....# ,


You could see Maggie.

Vanquished Creatures
  4 water moccasins
  Duvessa (D:4)
  An ice beast (D:6)
  An ogre (D:5)
  A kobold brigand (D:6)
  A necrophage (D:5)
  3 scorpions
  Blork the orc (D:5)
  2 bullfrogs (D:7)
  3 wights (D:7)
  Dowan (D:4)
  4 killer bees (D:7)
  An electric eel (D:6)
  2 jellies
  4 hounds
  An orc priest (D:3)
  Jessica (D:2)
  Terence (D:2)
  2 iguanas
  An orc wizard (D:3)
  4 gnolls (D:2)
  6 adders
  2 ufetubi
  3 worms
  4 dart slugs
  6 orcs
  10 endoplasms
  3 giant cockroaches
  2 hobgoblins (D:1)
  2 jackals (Sewer)
  5 kobolds
  4 quokkas
  12 ball pythons
  7 bats
  8 frilled lizards
  5 goblins
  4 rats
  A spectral orc (D:5)
124 creatures vanquished.

Vanquished Creatures (others)
  27 foxfires
  A plant (D:6)
28 creatures vanquished.

Grand Total: 152 creatures vanquished

Notes
Turn   | Place    | Note
-------+----------+-------------------------------------------
     0 | D:1      | arthad the Djinni Transmuter began the quest for the Orb.
     0 | D:1      | arthad set off with the following spells memorised: Beastly
                  | Appendage, Wereblood, Spider Form, Ice Form.
     0 | D:1      | Reached XP level 1. HP: 17/17 MP: 0/0
   128 | D:1      | Reached XP level 2. HP: 19/22 MP: 0/0
   433 | D:1      | Reached XP level 3. HP: 27/27 MP: 0/0
   433 | D:1      | Learned a level 1 spell: Foxfire
  1031 | D:2      | Reached XP level 4. HP: 16/33 MP: 0/0
  1350 | D:2      | Noticed Jessica
  1358 | D:2      | Killed Jessica
  1359 | D:2      | Reached skill level 1 in Stealth
  1359 | D:2      | Reached XP level 5. HP: 31/38 MP: 0/0
  1359 | D:2      | Learned a level 2 spell: Static Discharge
  1502 | D:2      | Noticed Terence
  1517 | D:2      | Killed Terence
  1816 | D:2      | Reached skill level 4 in Unarmed Combat
  2311 | D:3      | Found a transporter.
  2312 | D:3      | Found a one-way gate to the infinite horrors of the Abyss.
  2312 | D:3      | Noticed Sabo's ghost (amateur DgAE)
  2317 | D:3      | Noticed a small abomination
  2320 | D:3      | Noticed a kobold brigand
  2329 | D:3      | Found a transporter.
  2373 | D:3      | Identified the +10 hand axe of Ihaatuv {vorpal, rPois}
  2614 | D:3      | Reached XP level 6. HP: 25/45 MP: 0/0
  2918 | D:3      | Found a faded altar of an unknown god.
  2935 | D:3      | You are sucked into a shaft and drop 1 floor!
  2935 | D:4      | Found a staircase to the Ecumenical Temple.
  2938 | Temple   | Entered the Ecumenical Temple
  3057 | Temple   | Became a worshipper of Ashenzari the Shackled
  3211 | D:4      | Noticed a water moccasin
  3220 | D:4      | Killed a water moccasin
  3221 | D:4      | Reached XP level 7. HP: 34/50 MP: 0/0
  3221 | D:4      | Learned a level 2 spell: Scorch
  3301 | D:4      | Noticed Duvessa
  3305 | D:4      | Noticed Dowan
  3314 | D:4      | Killed Duvessa
  3332 | D:4      | Killed Dowan
  3333 | D:4      | Reached skill level 5 in Unarmed Combat
  3627 | D:4      | Found a sparkling altar of Nemelex Xobeh.
  3752 | D:5      | Entered Level 5 of the Dungeon
  3798 | D:5      | Reached XP level 8. HP: 54/58 MP: 0/0
  3903 | D:5      | Found an iron altar of Okawaru.
  3940 | D:5      | Reached * piety under Ashenzari
  3978 | D:5      | Noticed Blork the orc
  3986 | D:5      | Killed Blork the orc
  4198 | D:5      | Reached skill level 1 in Axes
  4296 | D:5      | Found a hazy altar of Hepliaklqana.
  4337 | D:6      | Found a glowing drain.
  4352 | Sewer    | Entered a sewer
  4369 | Sewer    | Identified the cursed +0 hat of the Wild Blue Yonder
                  | {Range, Self} (You found it on level 1 of the Dungeon)
  4537 | D:6      | Found an opulent altar of Gozag.
  4597 | D:6      | Reached skill level 5 in Fighting
  4597 | D:6      | Reached skill level 6 in Unarmed Combat
  4597 | D:6      | Reached XP level 9. HP: 61/66 MP: 0/0
  4597 | D:6      | Learned a level 3 spell: Portal Projectile
  4705 | D:6      | Reached ** piety under Ashenzari
  4817 | D:6      | Found a glowing golden altar of the Shining One.
  5372 | D:7      | HP: 3/68 [killer bee (3)]
  5687 | D:7      | Identified the cursed +2 robe of the Eye in the Sky {Will+,
                  | Cun, Self} (You took it off Jessica on level 2 of the
                  | Dungeon)
  5873 | D:7      | Found a glowing silver altar of Zin.
  5881 | D:7      | Reached skill level 5 in Dodging
  5935 | D:7      | Noticed Maggie
  5952 | D:7      | Slain by Maggie

Illustrated notes

Levels and vault maps discovered:
D:1:      amcnicky_arrival_gap_in_the_tavern_cellar, layout_rooms,
          chequers_jeans
D:2:      layout_basic, uniq_jessica, uniq_terence
D:3:      layout_basic, demons_altar, gammafunk_ghost_abyssal_escape,
          shapermc_ecumenical_altar_mp_vishouse, grunt_ministairs_13
D:4:      layout_cave_pools, nemelex_xobeh_ov_fountains_minmay, temple_hall,
          uniq_duvessa
D:5:      layout_cave_pools, nicolae_hepliaklqana_monster_ancestors,
          okawaru_trees_1, uniq_blork_the_orc
D:6:      layout_basic, tso_metal_star, lemuel_round_altar,
          cheibrodos_sewer_entry_drain, palyth_stone_intersect,
          serial_bayou_lagoon_a, nrook_pool_corridor
D:7:      layout_gridville, nicolae_ru_path_of_blood,
          chequers_temple_overflow_statue_of_worship, the_hattery, uniq_maggie
Temple:   hellmonk_temple_beads

Skill      XL: |  1  2  3  4  5  6  7  8  9 |
---------------+----------------------------+-----
Spellcasting   | 2 3 4 |  4.7
Fighting       | 2 3 4 5 |  5.7
Stealth        | 1 2 3 |  3.3
Unarmed Combat | 4 5 6 |  6.6
Dodging        | 3 4 5 |  5.0
Axes           | 1 2 |  2.1

Action                   |  1- 3 |  4- 6 |  7- 9 || total
-------------------------+-------+-------+-------++-------
Melee: Unarmed           |    99 |   168 |    30 ||   297
       Headbutt          |     8 |     6 |     1 ||    15
       Punch             |     1 |     5 |     4 ||    10
       Hand axe          |       |    18 |   106 ||   124
 Cast: Beastly Appendage |    13 |     8 |     3 ||    24
       Spider Form       |     2 |     2 |     1 ||     5
       Foxfire           |       |    11 |     4 ||    15
       Wereblood         |       |     1 |     1 ||     2
       Scorch            |       |       |     2 ||     2
       Ice Form          |       |       |     1 ||     1
Invok: Curse Item        |       |       |     3 ||     3
  Use: Potion            |       |     1 |    10 ||    11
       Scroll            |       |       |     1 ||     1
 Stab: Sleeping          |       |     3 |     5 ||     8
Armor: Robe              |    15 |    36 |    14 ||    65
       Skin              |       |     1 |     4 ||     5
Dodge: Dodged            |    63 |   110 |   121 ||   294

Table legend: (Time is in decaauts)
 A = Elapsed time spent in this place.
 B = Non-inter-level travel time spent in this place.
 C = Inter-level travel time spent in this place.
 D = Time resting spent in this place.
 E = Time spent auto-exploring this place.
 F = Levels seen in this place.
 G = Mean time per level.
                   A        B        C        D        E       F      G
               +--------+--------+--------+--------+--------+-----+--------+
         Total |   5959 |   5695 |    264 |    458 |   4102 |   9 |  662.1 |
       Dungeon |   5686 |   5472 |    214 |    458 |   3942 |   7 |  812.3 |
        Temple |    150 |    100 |     50 |      0 |     90 |   1 |  150.0 |
         Sewer |    122 |    122 |      0 |      0 |     70 |   1 |  122.0 |
               +--------+--------+--------+--------+--------+-----+--------+

Top non-repeatable levels by time:
     D:2: 1467 daAuts
     D:6: 898 daAuts
     D:1: 823 daAuts
     D:4: 673 daAuts
     D:3: 625 daAuts
     D:7: 606 daAuts
     D:5: 591 daAuts
  Temple: 150 daAuts
   Sewer: 122 daAuts
